AoeStats
← Favre4ever

Four Lakes

503277624Analyzed
3v3 RM · 1mo ago on Aug 30, 2026· 37m 56s· 6 players
Game mode
Random Map
Map size
Normal (6 player)
Population
200
Speed
Normal
Resources
Standard
Victory
Conquest
Starting age
Dark Age
Ending age
Imperial Age
RankedLock teamsTeams togetherTeam positionsShared explorationLock speedFull tech treeHidden civsTurbo modeCheats
Victory
Defeat
🇨🇭 Saracens · Switzerland
1729
+20
🇺🇸 Cumans · United States
1722
+21
🇦🇺 Huns · Australia
1707
+21
🇩🇪 Wu · Germany
1848
-22
🇩🇪 Vietnamese · Germany
1844
-22
🇩🇪 Malay · Germany
1794
-19
Favre4ever
6:18 Loom
7:09 Loom
9:41 Feudal Age
11:15 Double-Bit Axe
14:27 Fletching
21:28 Horse Collar
27:29 Castle Age
25:36 Gold Mining
27:32 Crossbowman
28:10 Bodkin Arrow
30:43 Ballistics
33:25 Bow Saw
34:03 Heavy Plow
34:42 Wheelbarrow
33:53 Town Watch
35:50 Thumb Ring
36:26 Padded Archer Armor
Kaydos
3:31 Loom
9:48 Feudal Age
10:17 Double-Bit Axe
15:09 Fletching
23:25 Castle Age
22:03 Padded Archer Armor
22:41 Horse Collar
24:12 Bloodlines
24:04 Bodkin Arrow
24:37 Crossbowman
27:29 Ballistics
27:57 Bow Saw
28:28 Husbandry
31:31 Wheelbarrow
33:25 Leather Archer Armor
35:42 Hand Cart
37:58 Thumb Ring
40:28 Imperial Age
Frytok
7:56 Loom
10:11 Feudal Age
10:46 Double-Bit Axe
11:17 Fishing Lines
13:38 Scale Barding Armor
15:28 Forging
16:37 Horse Collar
21:57 Castle Age
20:39 Bloodlines
21:58 Light Cavalry
22:58 Husbandry
23:20 Chain Barding Armor
23:12 Bow Saw
23:03 Heavy Plow
23:31 Gillnets
25:04 Gold Mining
27:03 Iron Casting
28:46 Wheelbarrow
29:22 Stone Mining
31:51 Gold Shaft Mining
37:30 Imperial Age
37:15 Ballistics
37:45 Elite Mameluke
38:45 Conscription
39:03 Plate Barding Armor
39:29 Blast Furnace
LM | MaisterNippon
7:18 Loom
9:41 Feudal Age
10:17 Double-Bit Axe
12:37 Scale Barding Armor
14:35 Forging
15:48 Bloodlines
23:40 Castle Age
21:58 Gold Mining
24:44 Chain Barding Armor
24:14 Fishing Lines
24:39 Husbandry
25:37 Light Cavalry
33:28 Bow Saw
35:01 Wheelbarrow
34:25 Gillnets
34:24 Town Watch
NOC | Mr.Dobbsn
7:05 Loom
9:26 Feudal Age
10:26 Double-Bit Axe
17:05 Fletching
17:16 Padded Archer Armor
22:53 Castle Age
21:29 Fishing Lines
23:12 Gold Mining
22:56 Crossbowman
23:32 Bodkin Arrow
25:29 Bow Saw
27:13 Ballistics
27:25 Gillnets
33:53 Town Watch
34:17 Town Watch
39:25 Imperial Age
37:42 Scale Mail Armor
38:48 Wheelbarrow
LM | L3ouis
3:32 Loom
3:39 Loom
10:24 Feudal Age
10:52 Double-Bit Axe
18:04 Fishing Lines
24:32 Castle Age
22:31 Horse Collar
24:07 Fletching
24:39 Crossbowman
25:35 Bodkin Arrow
26:34 Gillnets
33:06 Ballistics
37:12 Padded Archer Armor
Connection lost

Rejoining the realm…

Still unreachable

The connection could not be restored.

Session expired

The server has moved on; the page needs a fresh start.